 BcadrenCrawl: Boulder Brew version 0.04.2-10-g17648f679b (webtiles) character file.

Game seed: 12818169840181340457, levelgen mode: deterministic

4408 diana the Cleaver (level 10, -11/136 HPs) Hill Orc Berserker. Began on May 2, 2021. Was a High Priest of Trog. Killed from afar by a molten gargoyle (17 damage) ... with a bolt of magma ... on level 3 of the Dungeon. The game lasted 00:06:23 (3137 turns).

diana the Cleaver (Hill Orc Berserker)              Turns: 3137, Time: 00:06:25

Health: -11/136    AC:  8    Str: 29    XL:     10 ^: 2929
Magic:  8/10       EV: 12    Int:  7    God:    Trog [5* [145]]
Gold:   226        SH:  0    Dex: 10    Spells: 9/9 levels left

rFire    . . .     Vision   .   m - +7 hammer (crush)
rCold    . . .     Gourm    .   p - -1 broad axe (molten)
rNeg     . . .     Faith    .   l - +0 troll leather {Purgy}
rPois    +         Spirit   .   (no helmet)
rElec    .         Reflect  .   h - +0 cloak
rCorr    .         Harm     .   (no gloves)
MR       .....     Rnd*Rage +   n - +0 pair of boots
Stlth    ..........             (no amulet)
HPRegen  0.95/turn              j - ring of poison resistance
MPRegen  0.20/turn              (no ring)

@: berserking, slowed, studying Ice Magic
A: no striking features
a: Berserk, Trog's Hand, Brothers in Arms, Renounce Religion


You were on level 3 of the Dungeon.
You worshipped Trog.
Trog was extremely pleased with you.
You were hungry.

You visited 1 branch of the dungeon, and saw 3 of its levels.

You collected 226 gold pieces.

Inventory:

Weapons
 a - a +0 hatchet
 m - a +7 hammer of crushing (weapon)
 p - a -1 broad axe of molten steel (weapon)
Armour
 b - a +0 animal skin
 h - a +0 cloak (worn)
 l - a +0 troll leather (worn) {Purgy}
 n - a +0 pair of boots (worn)
Jewellery
 j - a ring of poison resistance (left hand)
Wands
 i - a wand of flame (1)
 s - a wand of ensnaring (2)
 t - a wand of random effects (1)
Scrolls
 d - 2 scrolls of teleportation
 e - 2 scrolls of blinking
 g - 3 scrolls of bless item
 k - 3 scrolls of enchantment
 o - a scroll of fear
Potions
 f - 4 potions of curing
 q - a potion of cancellation
 r - a potion of berserk rage
Comestibles
 c - 9 rations


   Skills:
 + Level 9.6 Fighting
 * Level 13.6 Axes & Hammers
 + Level 8.4 Armour
 - Level 1.5 Dodging


You had 9 spell levels left.
You didn't know any spells.
Your spell library was empty.

Dungeon Overview and Level Annotations

Branches:
Dungeon (3/8)

Altars:

Shops:
D:2 [


Message History

* * * LOW HITPOINT WARNING * * *
You are engulfed in flames (12)!
* * * LOW HITPOINT WARNING * * *
You feel your power leaking away.
Unknown command.
You are too berserk!
You hit the molten gargoyle (4). You sock the wraith (9)!
You feel the power of Trog in you as your rage grows.
You destroy the wraith!
Trog accepts your kill.
You closely miss the flying skull.
The flying skull is undamaged. (22/22) HP The molten gargoyle blocks your attack.
The molten gargoyle is almost destroyed. (5/32) HP You slash the flying skull (10)!
You burn the flying skull (5).
The flying skull is severely damaged. (7/22) HP The flying skull hits you but does no damage. x2
The molten gargoyle blasts magma at you!
The bolt of magma hits you (17)!
You die...

#...# #...#
##.## ##.#
#.# ##.#
###.## #..##
##.@# #W9z.#
...## .8S≈.#
≈≈≈8...8
≈≈≈≈≈§≈§.#
.≈≈≈≈88§§.+
##.≈≈§§§8§.#


You could see a phantom, a molten gargoyle, a flying skull and a lava snake.

Vanquished Creatures
  2 wraiths (D:3)
  Prince Ribbit (D:2)
  4 flying skulls (D:3)
  Eustachio (D:2)
  6 slime creatures (D:2)
  A phantom (D:3)
  Purgy (D:2)
  A porcupine (D:3)
  2 ogres (D:3)
  A rock worm zombie (D:3)
  2 crocodiles (D:2)
  2 big kobolds (D:2)
  3 bullfrogs (D:2)
  A crimson imp (D:3)
  An orc priest (D:3)
  A hound (D:3)
  6 jellies (D:2)
  2 orc wizards (D:3)
  A worker ant (D:3)
  An iguana (D:3)
  9 giant cockroaches
  Robin (D:2)
  A bullfrog skeleton (D:3)
  11 adders
  61 sewer rats (D:2)
  A worm (D:2)
  9 cinder newts
  18 oozes (D:2)
  A dart slug (D:3)
  2 leopard geckos
  6 orcs (D:3)
  An adder skeleton (D:2)
  3 ball pythons
  7 bats
  2 cinder newt skeletons (D:2)
  11 goblins
  9 hobgoblins
  14 kobolds
  A quokka (D:3)
  A bat skeleton (D:2)
  2 goblin skeletons (D:2)
  2 orc skeletons (D:2)
  A quokka skeleton (D:3)
  A rat (D:1)
  A plant (D:1)
  13 withered plants (D:2)
229 creatures vanquished.

Vanquished Creatures (others)
  A slimehead (D:2)
  48 withered plants (D:2)
49 creatures vanquished.

Grand Total: 278 creatures vanquished

Notes
Turn   | Place    | Note
-------+----------+-------------------------------------------
     0 | D:1      | diana the Hill Orc Berserker began the quest for the Orb.
     0 | D:1      | Reached XP level 1. HP: 19/19 MP: 1/1
   147 | D:1      | Reached XP level 2. HP: 26/27 MP: 2/2
   148 | D:1      | Reached XP level 3. HP: 32/33 MP: 3/3
   313 | D:1      | Reached skill level 5 in Axes & Hammers
   565 | D:1      | Received a gift from Trog
   692 | D:1      | Reached XP level 4. HP: 40/40 MP: 1/4
   898 | D:2      | Noticed Eustachio
   904 | D:2      | Killed Eustachio
   904 | D:2      | Reached skill level 6 in Axes & Hammers
   904 | D:2      | Reached XP level 5. HP: 44/47 MP: 1/5
   906 | D:2      | Reached ** piety under Trog
   911 | D:2      | Reached skill level 5 in Fighting
   911 | D:2      | Reached XP level 6. HP: 55/56 MP: 2/6
   913 | D:2      | Reached skill level 7 in Axes & Hammers
  1216 | D:2      | Reached XP level 7. HP: 42/61 MP: 2/7
  1232 | D:2      | Noticed Purgy
  1236 | D:2      | Killed Purgy
  1236 | D:2      | Reached skill level 8 in Axes & Hammers
  1240 | D:2      | Reached *** piety under Trog
  1244 | D:2      | Noticed Robin
  1249 | D:2      | Killed Robin
  1250 | D:2      | Received a gift from Trog
  1446 | D:2      | Reached skill level 5 in Armour
  1451 | D:2      | Reached skill level 9 in Axes & Hammers
  1451 | D:2      | Reached XP level 8. HP: 71/71 MP: 2/8
  1754 | D:2      | Reached **** piety under Trog
  1776 | D:2      | Found Tudig's Armour Emporium.
  1964 | D:2      | Reached skill level 10 in Axes & Hammers
  2094 | D:2      | Received a gift from Trog
  2151 | D:2      | Reached skill level 11 in Axes & Hammers
  2151 | D:2      | Reached XP level 9. HP: 67/80 MP: 3/9
  2163 | D:2      | Reached ***** piety under Trog
  2218 | D:2      | Noticed Prince Ribbit
  2221 | D:2      | Reached skill level 12 in Axes & Hammers
  2224 | D:2      | Killed Prince Ribbit
  2646 | D:3      | Received a gift from Trog
  2919 | D:3      | Reached XP level 10. HP: 87/91 MP: 10/10
  3127 | D:3      | Reached skill level 13 in Axes & Hammers
  3129 | D:3      | Noticed a molten gargoyle
  3136 | D:3      | HP: 5/136 [molten gargoyle/cursed +4 antimagic mace
                  | {(Curse: Fragile MR-)} (12)]
  3137 | D:3      | Killed from afar by a molten gargoyle

Levels and vault maps discovered:
D:1:      minmay_arrival_hallway, layout_basic, serial_bayou,
          serial_bayou_pond_b, serial_bayou_crossing, serial_bayou_ford_a,
          serial_bayou_pond_d
D:2:      layout_sewer, sewer_frog_spiral, serial_shops, shop, uniq_robin,
          uniq_purgy, uniq_eustachio
D:3:      ossuary_bcadren_due_volcanic, layout_basic, first_ration

Skill      XL: |  1  2  3  4  5  6  7  8  9 10 |
---------------+-------------------------------+-----
Fighting       | 4 5 6 7 9 |  9.6
Axes & Hammers | 5 6 7 9 11 12 13 | 13.6
Armour         | 3 4 5 6 7 8 |  8.4
Dodging        | |  1.5

Action                   |  1- 3 |  4- 6 |  7- 9 | 10-12 || total
-------------------------+-------+-------+-------+-------++-------
Melee: Hatchet           |    32 |       |       |       ||    32
       Battleaxe         |     1 |    40 |   147 |       ||   188
       Hammer            |       |       |    20 |    14 ||    34
       Broad axe         |       |       |     9 |     7 ||    16
 Stab: Sleeping          |       |     1 |       |       ||     1
  Eat: Chunk             |       |       |     8 |       ||     8
Armor: Animal skin       |     4 |     6 |     3 |       ||    13
       Troll leather     |       |       |    53 |     6 ||    59
Dodge: Dodged            |    10 |    38 |   132 |     6 ||   186
